Maple Leafs vs Bruins

Created - den 30 december 2014 at 17:42

Goals
1 2 3 T
Maple Leafs 0 0 2 2
Bruins 1 1 2 4
Shots
1 2 3 T
Maple Leafs 7 7 11 25
Bruins 6 9 9 24

1st period

1. Bruins , Curtis Glencross 9 (Ryan Johansen) at 13:24 (PP)

Penalties :
Jason Spezza (BOS) for Holding (Minor) at 2:07, T.J. Oshie (TOR) for Hooking (Minor) at 12:54, Raphael Diaz (BOS) for Holding (Minor) at 19:39

2nd period

2. Bruins , Mark Arcobello 2 (Torey Krug, Ryan Garbutt) at 8:50

Penalties :
Matt Stajan (BOS) for Hooking (Minor) at 6:35, Drew Doughty (TOR) for High sticking (Minor) at 6:35, Tanner Glass (TOR) for Tripping (Minor) at 16:07

3rd period

3. Bruins , Jason Spezza 13 (Carl Soderberg, Michael Ryder) at 0:06
4. Maple Leafs , Ryan Callahan 17 (Jonas Brodin) at 1:38
5. Maple Leafs , Johnny Boychuk 4 (Ryan Callahan, T.J. Oshie) at 4:34
6. Bruins , Andrej Sekera 8 (Curtis Glencross, Ryan Johansen) at 6:38 (PP)

Penalties :
Rick Nash (TOR) for Roughing (Minor) at 6:08, Trevor Daley (BOS) for High sticking (Minor) at 12:12

Goalie Stats

Marc-Andre Fleury (TOR), 20 saves from 24 shots - (0,833), L, 17-14-1, 60:00 minutes
Antti Niemi (BOS), 23 saves from 25 shots - (0,920), W, 20-9-4, 60:00 minutes

Players Stats for Maple Leafs

Player Name              G  A  P  +/- PIM S  H  SB GA TA FO     MP     PP MP  PK MP  
------------------------------------------------------------------------------------
Boone Jenner             0  0  0   1  0   1  1  0  0  0  1/1    14:45   3:07   0:00 
David Jones              0  0  0  -1  0   1  0  0  0  0  0/0    12:41   0:00   0:26 
Dominic Moore            0  0  0   0  0   0  0  0  0  0  4/10    8:09   0:00   0:50 
Drew Doughty             0  0  0  -1  2   2  9  0  0  0  0/0    26:47   3:37   1:25 
Evgeni Malkin            0  0  0   0  0   1  1  1  0  0  8/26   22:02   2:50   0:00 
Gregory Campbell         0  0  0  -1  0   2  0  0  0  0  8/18   12:37   0:00   0:22 
James Neal               0  0  0   0  0   3  1  0  0  0  0/0    22:02   2:50   0:00 
Johnny Boychuk           1  0  1   2  0   1  3  0  0  0  0/0    19:50   2:20   1:34 
Jonas Brodin             0  1  1   2  0   0  1  0  0  0  0/0    20:26   2:20   1:34 
Kyle Clifford            0  0  0   0  0   0  2  0  0  0  0/1     7:19   0:00   0:00 
Olli Maatta              0  0  0  -1  0   1  0  0  0  0  0/0    13:00   0:00   0:00 
Rick Nash                0  0  0   0  2   2  0  0  0  0  2/4    21:22   2:50   0:00 
Roman Polak              0  0  0  -1  0   0  1  0  0  0  0/0    12:12   0:00   0:00 
Ryan Callahan            1  1  2   1  0   4  4  0  0  0  0/1    16:56   3:07   2:11 
Ryan Carter              0  0  0   0  0   1  1  0  0  0  0/0     7:19   0:00   0:00 
Shea Weber               0  0  0  -1  0   3  8  0  0  0  0/0    27:44   3:37   1:25 
T.J. Oshie               0  1  1   1  2   2  0  0  0  0  10/23  17:05   3:07   1:41 
Tanner Glass             0  0  0  -1  2   1  2  0  0  0  0/2    12:42   0:00   0:28 

Players Stats for Bruins

Player Name              G  A  P  +/- PIM S  H  SB GA TA FO     MP     PP MP  PK MP  
------------------------------------------------------------------------------------
Andrej Sekera            1  0  1   1  0   1  1  2  0  0  0/0    25:29   1:13   3:01 
Carl Soderberg           0  1  1   0  0   0  0  0  0  0  0/1    14:50   2:11   0:00 
Chris Butler             0  0  0  -2  0   0  0  2  0  0  0/0    20:46   0:28   2:41 
Curtis Glencross         1  1  2  -1  0   4  1  0  0  0  0/2    18:40   0:06   1:03 
Jakob Silfverberg        0  0  0   0  0   0  0  0  0  0  1/1     7:57   0:03   0:00 
Jason Spezza             1  0  1   0  2   5  0  0  0  0  18/27  22:55   2:11   0:00 
Lee Stempniak            0  0  0  -1  0   4  1  0  0  0  0/0    19:51   0:06   1:34 
Mark Arcobello           1  0  1   1  0   3  0  1  0  0  1/1    13:14   0:39   1:34 
Matt Calvert             0  0  0   0  0   0  0  0  0  0  0/1     9:08   0:39   0:48 
Matt Stajan              0  0  0   1  2   0  2  0  0  0  14/28  16:08   0:42   3:25 
Michael Ryder            0  1  1   0  0   3  0  0  0  0  0/1    15:30   2:11   0:00 
Patrick Maroon           0  0  0   0  0   0  0  0  0  0  0/0     0:39   0:39   0:00 
Raphael Diaz             0  0  0   1  2   0  2  0  0  0  0/0    14:04   0:42   0:58 
Ryan Garbutt             0  1  1   1  0   1  4  0  0  0  0/1    14:46   0:39   2:46 
Ryan Johansen            0  2  2  -1  0   3  1  0  0  0  19/23  19:26   0:06   0:44 
Torey Krug               0  1  1   1  0   0  0  2  0  0  0/0    13:30   0:39   0:39 
Trevor Daley             0  0  0  -2  2   0  1  5  0  0  0/0    20:02   0:28   1:58 
Victor Hedman            0  0  0   1  0   0  0  1  0  0  0/0    25:05   1:13   2:37 

3 Stars

1 - Ryan Callahan (TOR)
2 - Johnny Boychuk (TOR)
3 - Andrej Sekera (BOS)

Power Play

Maple Leafs - 0 on 3 Attempt(s) - 0,00%
Bruins - 2 on 3 Attempt(s) - 66,67%

Penalty Kill

Maple Leafs - 1 on 3 Attempt(s) - 33,33% - Score 0 goal in Penalty Kill
Bruins - 3 on 3 Attempt(s) - 100,00% - Score 0 goal in Penalty Kill

Team Stat

Maple Leafs - Hits : 34 - Faceoff Wins : 33 - Blocked Shots : 1 - Penalty Minutes : 8
Bruins - Hits : 13 - Faceoff Wins : 53 - Blocked Shots : 13 - Penalty Minutes : 8

Official

Referees : Brent Montsion and Francois StLaurent
Linesman : Pierre Racicot and Tommy George

Game Notes

No Game Note

Finance

Level 1 -- Attendance: 5855 (100,00%) -- Ticket Income 497.675 kr
Level 2 -- Attendance: 4879 (100,00%) -- Ticket Income 253.708 kr
Level 3 -- Attendance: 1952 (100,00%) -- Ticket Income 44.896 kr
Level 4 -- Attendance: 3903 (100,00%) -- Ticket Income 58.545 kr
Luxury Box -- Attendance: 976 (100,00%) -- Ticket Income 146.400 kr
Game was played at the TD Banknorth Garden'
Total Attendance: 17565 (100,00%)
Total Ticket Income: 1.001.224 kr
Other Income: 490.600 kr
Total Income: 1.491.824 kr

Maple Leafs

5 vs 5 Forward 
   Center                   Left Wing                Right Wing               Time % Phy DF OF 
 1 Evgeni Malkin            Rick Nash                James Neal               40     0   1  4  
 2 T.J. Oshie               Boone Jenner             Ryan Callahan            30     1   1  3  
 3 Gregory Campbell         David Jones              Tanner Glass             20     1   3  1  
 4 Dominic Moore            Ryan Carter              Kyle Clifford            10     2   3  0  

5 vs 5 Defense 
   Defense                  Defense                                           Time % Phy DF OF 
 1 Shea Weber               Drew Doughty                                      40     1   2  2  
 2 Johnny Boychuk           Jonas Brodin                                      30     1   2  2  
 3 Roman Polak              Olli Maatta                                       20     2   3  0  
 4 Shea Weber               Drew Doughty                                      10     1   2  2  

PowerPlay Forward 
   Center                   Left Wing                Right Wing               Time % Phy DF OF 
 1 Evgeni Malkin            James Neal               Rick Nash                60     0   1  4  
 2 T.J. Oshie               Boone Jenner             Ryan Callahan            40     0   1  4  

PowerPlay Defense
   Defense                  Defense                                           Time % Phy DF OF 
 1 Shea Weber               Drew Doughty                                      60     1   1  3  
 2 Johnny Boychuk           Jonas Brodin                                      40     1   1  3  

Penalty Kill 4 Players Forward 
   Center                   Wing                     Time % Phy DF OF 
 1 T.J. Oshie               Ryan Callahan            60     0   4  1  
 2 Dominic Moore            Gregory Campbell         40     0   4  1  

Penalty Kill 4 Players Defense
   Defense                  Defense                  Time % Phy DF OF 
 1 Shea Weber               Drew Doughty             60     1   4  0  
 2 Johnny Boychuk           Jonas Brodin             40     1   4  0  

Penalty Kill - 3 Players Forward 
   Forward                                           Time % Phy DF OF 
 1 T.J. Oshie                                        60     0   5  0  
 2 Ryan Callahan                                     40     0   5  0  

Penalty Kill - 3 Players Defense
   Defense                  Defense                  Time % Phy DF OF 
 1 Shea Weber               Drew Doughty             60     0   5  0  
 2 Johnny Boychuk           Jonas Brodin             40     0   5  0  

4 vs 4 Forward 
   Center                   Wing                     Time % Phy DF OF 
 1 Evgeni Malkin            James Neal               60     1   2  2  
 2 T.J. Oshie               Rick Nash                40     1   2  2  

4 vs 4 Defense
   Defense                  Defense                  Time % Phy DF OF 
 1 Shea Weber               Drew Doughty             60     1   2  2  
 2 Johnny Boychuk           Jonas Brodin             40     1   2  2  

Last Minutes Offensive
   Center                   Left Wing                Right Wing               Defense                  Defense                  
   Evgeni Malkin            James Neal               T.J. Oshie               Shea Weber               Drew Doughty             

Last Minutes Defensive
   Center                   Left Wing                Right Wing               Defense                  Defense                  
   Evgeni Malkin            James Neal               T.J. Oshie               Shea Weber               Drew Doughty             

Goaltenders
Starting : Marc-Andre Fleury        
Backup : Martin Jones             

Extra Forwards
Normal : David Jones, Boone Jenner, Tanner Glass - PP : David Jones, Boone Jenner - PK : Tanner Glass
Extra Defensemen
Normal : Jonas Brodin, Johnny Boychuk, Olli Maatta - PP : Johnny Boychuk - PK : Jonas Brodin, Johnny Boychuk
Penalty Shots
Evgeni Malkin, James Neal, T.J. Oshie, Rick Nash, Ryan Callahan

Bruins

5 vs 5 Forward 
   Center                   Left Wing                Right Wing               Time % Phy DF OF 
 1 Jason Spezza             Carl Soderberg           Michael Ryder            40     1   2  2  
 2 Ryan Johansen            Curtis Glencross         Lee Stempniak            30     1   2  2  
 3 Matt Stajan              Ryan Garbutt             Mark Arcobello           20     1   2  2  
 4 Jason Spezza             Matt Calvert             Jakob Silfverberg        10     1   2  2  

5 vs 5 Defense 
   Defense                  Defense                                           Time % Phy DF OF 
 1 Victor Hedman            Andrej Sekera                                     40     1   2  2  
 2 Trevor Daley             Chris Butler                                      30     1   2  2  
 3 Torey Krug               Raphael Diaz                                      20     1   2  2  
 4 Victor Hedman            Andrej Sekera                                     10     1   2  2  

PowerPlay Forward 
   Center                   Left Wing                Right Wing               Time % Phy DF OF 
 1 Jason Spezza             Carl Soderberg           Michael Ryder            60     1   2  2  
 2 Ryan Johansen            Curtis Glencross         Lee Stempniak            40     1   2  2  

PowerPlay Defense
   Defense                  Defense                                           Time % Phy DF OF 
 1 Victor Hedman            Andrej Sekera                                     60     1   2  2  
 2 Trevor Daley             Chris Butler                                      40     1   2  2  

Penalty Kill 4 Players Forward 
   Center                   Wing                     Time % Phy DF OF 
 1 Matt Stajan              Ryan Garbutt             60     1   2  2  
 2 Mark Arcobello           Lee Stempniak            40     1   2  2  

Penalty Kill 4 Players Defense
   Defense                  Defense                  Time % Phy DF OF 
 1 Victor Hedman            Andrej Sekera            60     1   2  2  
 2 Trevor Daley             Chris Butler             40     1   2  2  

Penalty Kill - 3 Players Forward 
   Forward                                           Time % Phy DF OF 
 1 Matt Stajan                                       60     1   2  2  
 2 Mark Arcobello                                    40     1   2  2  

Penalty Kill - 3 Players Defense
   Defense                  Defense                  Time % Phy DF OF 
 1 Victor Hedman            Andrej Sekera            60     1   2  2  
 2 Trevor Daley             Chris Butler             40     1   2  2  

4 vs 4 Forward 
   Center                   Wing                     Time % Phy DF OF 
 1 Jason Spezza             Ryan Johansen            60     1   2  2  
 2 Michael Ryder            Lee Stempniak            40     1   2  2  

4 vs 4 Defense
   Defense                  Defense                  Time % Phy DF OF 
 1 Victor Hedman            Andrej Sekera            60     1   2  2  
 2 Trevor Daley             Chris Butler             40     1   2  2  

Last Minutes Offensive
   Center                   Left Wing                Right Wing               Defense                  Defense                  
   Jason Spezza             Carl Soderberg           Michael Ryder            Victor Hedman            Andrej Sekera            

Last Minutes Defensive
   Center                   Left Wing                Right Wing               Defense                  Defense                  
   Jason Spezza             Carl Soderberg           Michael Ryder            Victor Hedman            Andrej Sekera            

Goaltenders
Starting : Antti Niemi              
Backup : Reto Berra               

Extra Forwards
Normal : Matt Stajan, Ryan Garbutt, Matt Calvert - PP : Matt Stajan, Ryan Garbutt - PK : Matt Calvert
Extra Defensemen
Normal : Torey Krug, Raphael Diaz, Trevor Daley - PP : Torey Krug - PK : Raphael Diaz, Trevor Daley
Penalty Shots
Jason Spezza, Ryan Johansen, Michael Ryder, Lee Stempniak, Carl Soderberg

% Time on Ice - Maple Leafs

Lines # - Real PCT - Wanted PCT - Time Play
Normal Forward
1 - 36% - 40% - 17:53
2 - 24% - 30% - 11:38
3 - 25% - 20% - 12:15
4 - 15% - 10% - 7:19
Normal Defense
1 - 40% - 40% - 19:35
2 - 31% - 30% - 15:07
3 - 25% - 20% - 12:12
4 - 4% - 10% - 2:11
PP Forward
1 - 48% - 60% - 2:50
2 - 52% - 40% - 3:07
PP Defense
1 - 61% - 60% - 3:37
2 - 39% - 40% - 2:20
PK Forward
1 - 88% - 60% - 2:37
2 - 12% - 40% - 0:22
PK Defense
1 - 47% - 60% - 1:25
2 - 53% - 40% - 1:34
PK3 Forward
1 - 0% - 60%
2 - 0% - 40%
PK3 Defense
1 - 0% - 60%
2 - 0% - 40%
44 Forward
1 - 66% - 60% - 1:19
2 - 34% - 40% - 0:40
44 Defense
1 - 59% - 60% - 1:10
2 - 41% - 40% - 0:49
Last Minute Offensive  - 0:00
Last Minute Defensive  - 0:00
Total
Forward - 60:00
Defense - 60:00

% Time on Ice - Bruins

Lines # - Real PCT - Wanted PCT - Time Play
Normal Forward
1 - 26% - 40% - 12:39
2 - 36% - 30% - 17:31
3 - 22% - 20% - 11:01
4 - 16% - 10% - 7:54
Normal Defense
1 - 39% - 40% - 19:15
2 - 34% - 30% - 16:51
3 - 25% - 20% - 12:12
4 - 2% - 10% - 0:47
PP Forward
1 - 95% - 60% - 2:50
2 - 5% - 40% - 0:09
PP Defense
1 - 84% - 60% - 2:31
2 - 16% - 40% - 0:28
PK Forward
1 - 74% - 60% - 4:23
2 - 26% - 40% - 1:34
PK Defense
1 - 43% - 60% - 2:34
2 - 57% - 40% - 3:23
PK3 Forward
1 - 0% - 60%
2 - 0% - 40%
PK3 Defense
1 - 0% - 60%
2 - 0% - 40%
44 Forward
1 - 66% - 60% - 1:19
2 - 34% - 40% - 0:40
44 Defense
1 - 61% - 60% - 1:13
2 - 39% - 40% - 0:46
Last Minute Offensive  - 0:00
Last Minute Defensive  - 0:00
Total
Forward - 60:00
Defense - 60:00

Play by Play

1st period


0:01 of 1st period - Jason Spezza wins face-off versus Evgeni Malkin in neutral zone.
0:30 of 1st period - Shot by Michael Ryder.
0:30 of 1st period - Shot Misses the Net.
1:24 of 1st period - Icing by Johnny Boychuk.
1:25 of 1st period - Boone Jenner wins face-off versus Matt Stajan in Maple Leafs zone.
2:07 of 1st period - Minor Penalty to Jason Spezza for Holding.
2:08 of 1st period - Evgeni Malkin wins face-off versus Matt Stajan in Bruins zone.
2:09 of 1st period - Shot by Shea Weber.
2:09 of 1st period - Shot Blocked by Andrej Sekera.
2:11 of 1st period - Shot by Drew Doughty.
2:11 of 1st period - Stopped by Antti Niemi without a rebound.
2:12 of 1st period - Matt Stajan wins face-off versus Rick Nash in Bruins zone.
2:20 of 1st period - Off-side.
2:21 of 1st period - Mark Arcobello wins face-off versus Evgeni Malkin in neutral zone.
2:30 of 1st period - Trevor Daley is hit by James Neal and loses puck.
4:13 of 1st period - Torey Krug is hit by Tanner Glass and loses puck.
4:34 of 1st period - Shot by Olli Maatta.
4:34 of 1st period - Shot Misses the Net.
4:36 of 1st period - Shot by Roman Polak.
4:36 of 1st period - Shot Blocked by Torey Krug.
5:18 of 1st period - Shot by Ryan Johansen.
5:18 of 1st period - Shot Misses the Net.
5:28 of 1st period - Shot by Ryan Johansen.
5:28 of 1st period - Stopped by Marc-Andre Fleury without a rebound.
5:29 of 1st period - T.J. Oshie wins face-off versus Matt Stajan in Maple Leafs zone.
6:28 of 1st period - Shot by James Neal.
6:28 of 1st period - Stopped by Antti Niemi without a rebound.
6:29 of 1st period - Gregory Campbell wins face-off versus Ryan Johansen in Bruins zone.
6:40 of 1st period - Shot by Gregory Campbell.
6:40 of 1st period - Stopped by Antti Niemi without a rebound.
6:41 of 1st period - Jason Spezza wins face-off versus Evgeni Malkin in Bruins zone.
8:24 of 1st period - Off-side.
8:25 of 1st period - T.J. Oshie wins face-off versus Matt Stajan in neutral zone.
8:44 of 1st period - Shot by Ryan Callahan.
8:44 of 1st period - Stopped by Antti Niemi without a rebound.
8:45 of 1st period - Dominic Moore wins face-off versus Jason Spezza in Bruins zone.
8:59 of 1st period - Icing by Jason Spezza.
9:00 of 1st period - Jason Spezza wins face-off versus Gregory Campbell in Bruins zone.
9:07 of 1st period - Shot by David Jones.
9:07 of 1st period - Stopped by Antti Niemi without a rebound.
9:08 of 1st period - Matt Stajan wins face-off versus T.J. Oshie in Bruins zone.
9:08 of 1st period - Matt Stajan is hit by Ryan Callahan.
9:44 of 1st period - Shot by Boone Jenner.
9:44 of 1st period - Shot Misses the Net.
9:59 of 1st period - Off-side.
10:00 of 1st period - Jason Spezza wins face-off versus Evgeni Malkin in neutral zone.
10:09 of 1st period - Shot by Carl Soderberg.
10:09 of 1st period - Shot Blocked by Evgeni Malkin.
10:17 of 1st period - Shot by Rick Nash.
10:17 of 1st period - Shot Misses the Net.
10:19 of 1st period - Shot by James Neal.
10:19 of 1st period - Shot Misses the Net.
10:35 of 1st period - Off-side.
10:36 of 1st period - Ryan Johansen wins face-off versus Gregory Campbell in neutral zone.
11:50 of 1st period - Icing by Andrej Sekera.
11:51 of 1st period - Evgeni Malkin wins face-off versus Jason Spezza in Bruins zone.
12:02 of 1st period - Shot by Jason Spezza.
12:02 of 1st period - Shot Misses the Net.
12:04 of 1st period - Shot by Matt Calvert.
12:04 of 1st period - Shot Hit the Post.
12:17 of 1st period - Jason Spezza is hit by Johnny Boychuk and loses puck.
12:54 of 1st period - Minor Penalty to T.J. Oshie for Hooking.
12:55 of 1st period - Jason Spezza wins face-off versus Tanner Glass in Maple Leafs zone.
13:22 of 1st period - Shot by Jason Spezza.
13:22 of 1st period - Deflect By Michael Ryder.
13:22 of 1st period - Stopped by Marc-Andre Fleury without a rebound.
13:23 of 1st period - Ryan Johansen wins face-off versus Dominic Moore in Maple Leafs zone.
13:24 of 1st period - Shot by Curtis Glencross.
13:24 of 1st period - Goal by Curtis Glencross - Maple Leafs : 0 - Bruins : 1.
13:25 of 1st period - Ryan Johansen wins face-off versus Dominic Moore in neutral zone.
13:27 of 1st period - Lee Stempniak is hit by Roman Polak and loses puck.
13:36 of 1st period - Shot by Lee Stempniak.
13:36 of 1st period - Stopped by Marc-Andre Fleury without a rebound.
13:37 of 1st period - Evgeni Malkin wins face-off versus Matt Stajan in Maple Leafs zone.
13:37 of 1st period - Shea Weber is hit by Matt Stajan and loses puck.
14:05 of 1st period - Matt Stajan is hit by Shea Weber.
15:11 of 1st period - Shot by Lee Stempniak.
15:11 of 1st period - Shot Misses the Net.
15:13 of 1st period - Shot by Ryan Johansen.
15:13 of 1st period - Stopped by Marc-Andre Fleury without a rebound.
15:14 of 1st period - Ryan Johansen wins face-off versus T.J. Oshie in Maple Leafs zone.
15:43 of 1st period - Icing by Chris Butler.
15:44 of 1st period - Ryan Johansen wins face-off versus Gregory Campbell in Bruins zone.
15:44 of 1st period - Ryan Johansen is hit by Tanner Glass.
15:54 of 1st period - Shot by Ryan Johansen.
15:54 of 1st period - Stopped by Marc-Andre Fleury without a rebound.
15:55 of 1st period - Dominic Moore wins face-off versus Jason Spezza in Maple Leafs zone.
16:04 of 1st period - Shot by Ryan Carter.
16:04 of 1st period - Shot Misses the Net.
16:14 of 1st period - Shot by Ryan Carter.
16:14 of 1st period - Shot Misses the Net.
16:16 of 1st period - Shot by Ryan Carter.
16:16 of 1st period - Stopped by Antti Niemi without a rebound.
16:17 of 1st period - T.J. Oshie wins face-off versus Matt Stajan in Bruins zone.
16:18 of 1st period - Shot by Ryan Callahan.
16:18 of 1st period - Shot Misses the Net.
16:20 of 1st period - Shot by T.J. Oshie.
16:20 of 1st period - Shot Blocked by Torey Krug.
17:43 of 1st period - Icing by Shea Weber.
17:44 of 1st period - Ryan Johansen wins face-off versus Gregory Campbell in Maple Leafs zone.
17:44 of 1st period - Lee Stempniak is hit by Drew Doughty and loses puck.
17:54 of 1st period - Drew Doughty is hit by Trevor Daley and loses puck.
18:12 of 1st period - Icing by Olli Maatta.
18:13 of 1st period - Rick Nash wins face-off versus Matt Stajan in Maple Leafs zone.
18:31 of 1st period - Off-side.
18:32 of 1st period - Dominic Moore wins face-off versus Jason Spezza in neutral zone.
18:55 of 1st period - Shot by Dominic Moore.
18:55 of 1st period - Shot Misses the Net.
18:57 of 1st period - Shot by Jonas Brodin.
18:57 of 1st period - Shot Misses the Net.
18:59 of 1st period - Shot by Kyle Clifford.
18:59 of 1st period - Shot Blocked by Andrej Sekera.
19:31 of 1st period - Shot by Evgeni Malkin.
19:31 of 1st period - Shot Misses the Net.
19:33 of 1st period - Shot by Drew Doughty.
19:33 of 1st period - Shot Blocked by Trevor Daley.
19:35 of 1st period - Shot by Drew Doughty.
19:35 of 1st period - Stopped by Antti Niemi without a rebound.
19:36 of 1st period - T.J. Oshie wins face-off versus Matt Stajan in Bruins zone.
19:36 of 1st period - T.J. Oshie is hit by Raphael Diaz.
19:39 of 1st period - Minor Penalty to Raphael Diaz for Holding.
19:40 of 1st period - Matt Stajan wins face-off versus T.J. Oshie in Bruins zone.
19:46 of 1st period - Icing by Drew Doughty.
19:47 of 1st period - Matt Stajan wins face-off versus T.J. Oshie in Maple Leafs zone.
Goals for this period are 0 for Maple Leafs vs 1 for Bruins.
Shots for this period are 7 for Maple Leafs vs 6 for Bruins.

2nd period


0:01 of 2nd period - Matt Stajan wins face-off versus Evgeni Malkin in neutral zone.
0:20 of 2nd period - Shot by Shea Weber.
0:20 of 2nd period - Shot Blocked by Victor Hedman.
0:22 of 2nd period - Shot by Shea Weber.
0:22 of 2nd period - Deflect By Rick Nash.
0:22 of 2nd period - Stopped by Antti Niemi without a rebound.
0:23 of 2nd period - Matt Stajan wins face-off versus Ryan Callahan in Bruins zone.
0:46 of 2nd period - Victor Hedman is hit by Ryan Callahan and loses puck.
1:01 of 2nd period - Trevor Daley is hit by Boone Jenner and loses puck.
2:03 of 2nd period - Roman Polak is hit by Raphael Diaz and loses puck.
2:38 of 2nd period - Curtis Glencross is hit by Drew Doughty and loses puck.
2:41 of 2nd period - Shot by Lee Stempniak.
2:41 of 2nd period - Deflect By Curtis Glencross.
2:41 of 2nd period - Stopped by Marc-Andre Fleury without a rebound.
2:42 of 2nd period - Ryan Johansen wins face-off versus Evgeni Malkin in Maple Leafs zone.
2:47 of 2nd period - Shot by Curtis Glencross.
2:47 of 2nd period - Stopped by Marc-Andre Fleury without a rebound.
2:48 of 2nd period - Evgeni Malkin wins face-off versus Matt Stajan in Maple Leafs zone.
4:11 of 2nd period - Rick Nash is hit by Lee Stempniak and loses puck.
4:16 of 2nd period - Rick Nash is hit by Curtis Glencross and loses puck.
4:41 of 2nd period - Shot by Carl Soderberg.
4:41 of 2nd period - Shot Misses the Net.
4:44 of 2nd period - Icing by Drew Doughty.
4:45 of 2nd period - Jason Spezza wins face-off versus T.J. Oshie in Maple Leafs zone.
4:48 of 2nd period - Shot by Jason Spezza.
4:48 of 2nd period - Stopped by Marc-Andre Fleury with a rebound.
5:19 of 2nd period - Icing by Jason Spezza.
5:20 of 2nd period - Jason Spezza wins face-off versus Gregory Campbell in Bruins zone.
5:33 of 2nd period - Icing by Andrej Sekera.
5:34 of 2nd period - Jason Spezza wins face-off versus Dominic Moore in Bruins zone.
5:34 of 2nd period - Jason Spezza is hit by Kyle Clifford.
5:50 of 2nd period - Shot by Curtis Glencross.
5:50 of 2nd period - Shot Misses the Net.
6:12 of 2nd period - Lee Stempniak is hit by Drew Doughty and loses puck.
6:35 of 2nd period - Minor Penalty to Matt Stajan for Hooking.
6:35 of 2nd period - Minor Penalty to Drew Doughty for High sticking.
6:36 of 2nd period - Jason Spezza wins face-off versus Evgeni Malkin in Maple Leafs zone.
6:44 of 2nd period - Icing by Jonas Brodin.
6:45 of 2nd period - Ryan Johansen wins face-off versus Evgeni Malkin in Maple Leafs zone.
7:46 of 2nd period - Shot by T.J. Oshie.
7:46 of 2nd period - Shot Blocked by Trevor Daley.
7:52 of 2nd period - Shot by T.J. Oshie.
7:52 of 2nd period - Deflect By Rick Nash.
7:52 of 2nd period - Shot Blocked by Trevor Daley.
7:58 of 2nd period - Shot by T.J. Oshie.
7:58 of 2nd period - Stopped by Antti Niemi without a rebound.
7:59 of 2nd period - Evgeni Malkin wins face-off versus Michael Ryder in Bruins zone.
8:14 of 2nd period - Shot by Michael Ryder.
8:14 of 2nd period - Stopped by Marc-Andre Fleury without a rebound.
8:15 of 2nd period - Evgeni Malkin wins face-off versus Jason Spezza in Maple Leafs zone.
8:20 of 2nd period - Shot by Jonas Brodin.
8:20 of 2nd period - Shot Misses the Net.
8:28 of 2nd period - Shot by Jason Spezza.
8:28 of 2nd period - Stopped by Marc-Andre Fleury without a rebound.
8:29 of 2nd period - T.J. Oshie wins face-off versus Ryan Garbutt in Maple Leafs zone.
8:29 of 2nd period - T.J. Oshie is hit by Ryan Garbutt.
8:46 of 2nd period - Shot by Ryan Garbutt.
8:46 of 2nd period - Shot Misses the Net.
8:48 of 2nd period - Shot by Torey Krug.
8:48 of 2nd period - Shot Misses the Net.
8:50 of 2nd period - Shot by Mark Arcobello.
8:50 of 2nd period - Goal by Mark Arcobello - Maple Leafs : 0 - Bruins : 2.
8:51 of 2nd period - T.J. Oshie wins face-off versus Carl Soderberg in neutral zone.
9:04 of 2nd period - Shot by Boone Jenner.
9:04 of 2nd period - Stopped by Antti Niemi with a rebound.
9:07 of 2nd period - Icing by Michael Ryder.
9:08 of 2nd period - Jason Spezza wins face-off versus Gregory Campbell in Bruins zone.
9:45 of 2nd period - Shot by Lee Stempniak.
9:45 of 2nd period - Stopped by Marc-Andre Fleury without a rebound.
9:46 of 2nd period - Evgeni Malkin wins face-off versus Matt Stajan in Maple Leafs zone.
9:46 of 2nd period - Evgeni Malkin is hit by Ryan Garbutt.
10:44 of 2nd period - Shot by Ryan Callahan.
10:44 of 2nd period - Shot Misses the Net.
11:25 of 2nd period - Icing by Raphael Diaz.
11:26 of 2nd period - Gregory Campbell wins face-off versus Ryan Johansen in Bruins zone.
11:31 of 2nd period - Shot by Shea Weber.
11:31 of 2nd period - Stopped by Antti Niemi without a rebound.
11:32 of 2nd period - Jason Spezza wins face-off versus Gregory Campbell in Bruins zone.
11:41 of 2nd period - Shot by Michael Ryder.
11:41 of 2nd period - Stopped by Marc-Andre Fleury without a rebound.
11:42 of 2nd period - Jason Spezza wins face-off versus Rick Nash in Maple Leafs zone.
12:43 of 2nd period - Icing by Jonas Brodin.
12:44 of 2nd period - Ryan Johansen wins face-off versus T.J. Oshie in Maple Leafs zone.
12:45 of 2nd period - Shot by Lee Stempniak.
12:45 of 2nd period - Stopped by Marc-Andre Fleury without a rebound.
12:46 of 2nd period - Gregory Campbell wins face-off versus Curtis Glencross in Maple Leafs zone.
13:19 of 2nd period - Jonas Brodin is hit by Ryan Johansen and loses puck.
13:33 of 2nd period - Icing by Trevor Daley.
13:34 of 2nd period - Ryan Johansen wins face-off versus Evgeni Malkin in Bruins zone.
14:18 of 2nd period - Shot by James Neal.
14:18 of 2nd period - Stopped by Antti Niemi with a rebound.
14:33 of 2nd period - Icing by Trevor Daley.
14:34 of 2nd period - Ryan Johansen wins face-off versus Dominic Moore in Bruins zone.
15:24 of 2nd period - Off-side.
15:25 of 2nd period - Gregory Campbell wins face-off versus Jason Spezza in neutral zone.
15:35 of 2nd period - Icing by Shea Weber.
15:36 of 2nd period - Matt Stajan wins face-off versus Gregory Campbell in Maple Leafs zone.
15:36 of 2nd period - Matt Stajan is hit by Shea Weber.
15:46 of 2nd period - Shot by Matt Stajan.
15:46 of 2nd period - Shot Misses the Net.
16:07 of 2nd period - Minor Penalty to Tanner Glass for Tripping.
16:08 of 2nd period - T.J. Oshie wins face-off versus Jason Spezza in Maple Leafs zone.
16:23 of 2nd period - Shot by Ryan Callahan.
16:23 of 2nd period - Stopped by Antti Niemi with a rebound.
17:19 of 2nd period - Torey Krug is hit by Drew Doughty and loses puck.
18:17 of 2nd period - Shot by James Neal.
18:17 of 2nd period - Shot Misses the Net.
18:19 of 2nd period - Shot by Evgeni Malkin.
18:19 of 2nd period - Stopped by Antti Niemi without a rebound.
18:20 of 2nd period - Evgeni Malkin wins face-off versus Matt Stajan in Bruins zone.
19:22 of 2nd period - Icing by Gregory Campbell.
19:23 of 2nd period - Jason Spezza wins face-off versus Gregory Campbell in Maple Leafs zone.
19:29 of 2nd period - Jason Spezza is hit by Shea Weber and loses puck.
19:51 of 2nd period - Jason Spezza is hit by Shea Weber and loses puck.
Goals for this period are 0 for Maple Leafs vs 1 for Bruins.
Shots for this period are 7 for Maple Leafs vs 9 for Bruins.

3rd period


0:01 of 3rd period - Jason Spezza wins face-off versus T.J. Oshie in neutral zone.
0:06 of 3rd period - Shot by Jason Spezza.
0:06 of 3rd period - Goal by Jason Spezza - Maple Leafs : 0 - Bruins : 3.
0:07 of 3rd period - Jason Spezza wins face-off versus Evgeni Malkin in neutral zone.
0:09 of 3rd period - Andrej Sekera is hit by Shea Weber and loses puck.
0:30 of 3rd period - Jason Spezza is hit by Drew Doughty and loses puck.
0:54 of 3rd period - Icing by Evgeni Malkin.
0:55 of 3rd period - Ryan Johansen wins face-off versus Evgeni Malkin in Maple Leafs zone.
0:55 of 3rd period - Lee Stempniak is hit by Drew Doughty and loses puck.
1:06 of 3rd period - Shot by Lee Stempniak.
1:06 of 3rd period - Stopped by Marc-Andre Fleury with a rebound.
1:08 of 3rd period - Shot by Lee Stempniak.
1:08 of 3rd period - Shot Misses the Net.
1:38 of 3rd period - Shot by Ryan Callahan.
1:38 of 3rd period - Goal by Ryan Callahan - Maple Leafs : 1 - Bruins : 3.
1:39 of 3rd period - Matt Stajan wins face-off versus Gregory Campbell in neutral zone.
1:56 of 3rd period - Shot by Ryan Garbutt.
1:56 of 3rd period - Stopped by Marc-Andre Fleury without a rebound.
1:57 of 3rd period - T.J. Oshie wins face-off versus Jason Spezza in Maple Leafs zone.
2:05 of 3rd period - Carl Soderberg is hit by Jonas Brodin and loses puck.
2:08 of 3rd period - Shot by Torey Krug.
2:08 of 3rd period - Shot Misses the Net.
2:30 of 3rd period - Shot by T.J. Oshie.
2:30 of 3rd period - Stopped by Antti Niemi without a rebound.
2:31 of 3rd period - Gregory Campbell wins face-off versus Ryan Johansen in Bruins zone.
2:37 of 3rd period - Tanner Glass is hit by Andrej Sekera and loses puck.
3:16 of 3rd period - Icing by Victor Hedman.
3:17 of 3rd period - Rick Nash wins face-off versus Curtis Glencross in Bruins zone.
4:16 of 3rd period - Icing by Victor Hedman.
4:17 of 3rd period - Ryan Johansen wins face-off versus T.J. Oshie in Bruins zone.
4:32 of 3rd period - Shot by Ryan Callahan.
4:32 of 3rd period - Stopped by Antti Niemi with a rebound.
4:34 of 3rd period - Shot by Johnny Boychuk.
4:34 of 3rd period - Goal by Johnny Boychuk - Maple Leafs : 2 - Bruins : 3.
4:35 of 3rd period - Matt Stajan wins face-off versus Tanner Glass in neutral zone.
4:52 of 3rd period - Shot by Matt Stajan.
4:52 of 3rd period - Shot Misses the Net.
4:54 of 3rd period - Shot by Mark Arcobello.
4:54 of 3rd period - Stopped by Marc-Andre Fleury without a rebound.
4:55 of 3rd period - Jason Spezza wins face-off versus T.J. Oshie in Maple Leafs zone.
5:20 of 3rd period - Off-side.
5:21 of 3rd period - Matt Stajan wins face-off versus Evgeni Malkin in neutral zone.
5:29 of 3rd period - Matt Stajan is hit by Drew Doughty and loses puck.
5:39 of 3rd period - Matt Stajan is hit by Drew Doughty and loses puck.
5:51 of 3rd period - Matt Stajan is hit by Shea Weber and loses puck.
5:54 of 3rd period - Shot by Mark Arcobello.
5:54 of 3rd period - Shot Misses the Net.
6:08 of 3rd period - Minor Penalty to Rick Nash for Roughing.
6:09 of 3rd period - Jason Spezza wins face-off versus T.J. Oshie in Maple Leafs zone.
6:32 of 3rd period - Shot by Trevor Daley.
6:32 of 3rd period - Shot Misses the Net.
6:34 of 3rd period - Shot by Jason Spezza.
6:34 of 3rd period - Stopped by Marc-Andre Fleury without a rebound.
6:35 of 3rd period - Ryan Johansen wins face-off versus T.J. Oshie in Maple Leafs zone.
6:36 of 3rd period - Shot by Curtis Glencross.
6:36 of 3rd period - Shot Misses the Net.
6:38 of 3rd period - Shot by Andrej Sekera.
6:38 of 3rd period - Goal by Andrej Sekera - Maple Leafs : 2 - Bruins : 4.
6:39 of 3rd period - Gregory Campbell wins face-off versus Ryan Johansen in neutral zone.
7:42 of 3rd period - Icing by Chris Butler.
7:43 of 3rd period - Jason Spezza wins face-off versus T.J. Oshie in Bruins zone.
8:00 of 3rd period - Chris Butler is hit by Ryan Callahan and loses puck.
8:38 of 3rd period - Off-side.
8:39 of 3rd period - Matt Stajan wins face-off versus Evgeni Malkin in neutral zone.
8:50 of 3rd period - Johnny Boychuk is hit by Ryan Garbutt and loses puck.
8:54 of 3rd period - Icing by Johnny Boychuk.
8:55 of 3rd period - Ryan Johansen wins face-off versus Evgeni Malkin in Maple Leafs zone.
8:55 of 3rd period - Torey Krug is hit by Johnny Boychuk and loses puck.
8:59 of 3rd period - Icing by Jonas Brodin.
9:00 of 3rd period - Ryan Johansen wins face-off versus Evgeni Malkin in Maple Leafs zone.
9:17 of 3rd period - Shot by James Neal.
9:17 of 3rd period - Shot Misses the Net.
9:19 of 3rd period - Shot by James Neal.
9:19 of 3rd period - Stopped by Antti Niemi without a rebound.
9:20 of 3rd period - Matt Stajan wins face-off versus Kyle Clifford in Bruins zone.
9:29 of 3rd period - Shot by Ryan Carter.
9:29 of 3rd period - Shot Misses the Net.
9:31 of 3rd period - Shot by Ryan Carter.
9:31 of 3rd period - Shot Misses the Net.
9:39 of 3rd period - Shot by Dominic Moore.
9:39 of 3rd period - Shot Blocked by Mark Arcobello.
9:41 of 3rd period - Shot by Shea Weber.
9:41 of 3rd period - Stopped by Antti Niemi without a rebound.
9:42 of 3rd period - T.J. Oshie wins face-off versus Matt Calvert in Bruins zone.
9:43 of 3rd period - Shot by Ryan Callahan.
9:43 of 3rd period - Shot Misses the Net.
10:03 of 3rd period - Shot by Ryan Callahan.
10:03 of 3rd period - Shot Misses the Net.
11:20 of 3rd period - Off-side.
11:21 of 3rd period - Gregory Campbell wins face-off versus Matt Stajan in neutral zone.
11:42 of 3rd period - Shot by Gregory Campbell.
11:42 of 3rd period - Stopped by Antti Niemi with a rebound.
11:44 of 3rd period - Shot by Gregory Campbell.
11:44 of 3rd period - Shot Blocked by Chris Butler.
11:53 of 3rd period - Roman Polak is hit by Matt Stajan and loses puck.
12:08 of 3rd period - Trevor Daley is hit by Ryan Carter and loses puck.
12:12 of 3rd period - Minor Penalty to Trevor Daley for High sticking.
12:13 of 3rd period - Ryan Johansen wins face-off versus T.J. Oshie in Bruins zone.
12:13 of 3rd period - Ryan Johansen is hit by Ryan Callahan.
12:49 of 3rd period - Shot by T.J. Oshie.
12:49 of 3rd period - Shot Misses the Net.
12:51 of 3rd period - Shot by Shea Weber.
12:51 of 3rd period - Stopped by Antti Niemi without a rebound.
12:52 of 3rd period - Matt Stajan wins face-off versus Evgeni Malkin in Bruins zone.
12:52 of 3rd period - Matt Stajan is hit by Evgeni Malkin.
13:15 of 3rd period - Icing by Rick Nash.
13:16 of 3rd period - Matt Stajan wins face-off versus Evgeni Malkin in Maple Leafs zone.
13:37 of 3rd period - Shot by Mark Arcobello.
13:37 of 3rd period - Stopped by Marc-Andre Fleury without a rebound.
13:38 of 3rd period - T.J. Oshie wins face-off versus Matt Stajan in Maple Leafs zone.
13:38 of 3rd period - Ryan Callahan is hit by Ryan Garbutt and loses puck.
13:58 of 3rd period - Matt Stajan is hit by Shea Weber and loses puck.
14:01 of 3rd period - Shot by Ryan Garbutt.
14:01 of 3rd period - Shot Misses the Net.
14:03 of 3rd period - Shot by Victor Hedman.
14:03 of 3rd period - Shot Misses the Net.
15:16 of 3rd period - Shot by Rick Nash.
15:16 of 3rd period - Stopped by Antti Niemi without a rebound.
15:17 of 3rd period - Ryan Johansen wins face-off versus Dominic Moore in Bruins zone.
15:17 of 3rd period - Ryan Johansen is hit by Kyle Clifford.
15:40 of 3rd period - Lee Stempniak is hit by Shea Weber and loses puck.
16:10 of 3rd period - Icing by Shea Weber.
16:11 of 3rd period - Jakob Silfverberg wins face-off versus Dominic Moore in Maple Leafs zone.
16:11 of 3rd period - Jakob Silfverberg is hit by Drew Doughty.
16:19 of 3rd period - Shot by Jason Spezza.
16:19 of 3rd period - Shot Misses the Net.
16:50 of 3rd period - Icing by Shea Weber.
16:51 of 3rd period - Dominic Moore wins face-off versus Matt Stajan in Maple Leafs zone.
17:50 of 3rd period - Jason Spezza is hit by Johnny Boychuk and loses puck.
18:03 of 3rd period - Shot by Jason Spezza.
18:03 of 3rd period - Stopped by Marc-Andre Fleury without a rebound.
18:04 of 3rd period - Ryan Johansen wins face-off versus Evgeni Malkin in Maple Leafs zone.
18:23 of 3rd period - Shot by Lee Stempniak.
18:23 of 3rd period - Deflect By Curtis Glencross.
18:23 of 3rd period - Stopped by Marc-Andre Fleury without a rebound.
18:24 of 3rd period - Gregory Campbell wins face-off versus Jason Spezza in Maple Leafs zone.
18:38 of 3rd period - Shot by Tanner Glass.
18:38 of 3rd period - Stopped by Antti Niemi with a rebound.
19:20 of 3rd period - Shot by James Neal.
19:20 of 3rd period - Shot Blocked by Chris Butler.
19:22 of 3rd period - Shot by James Neal.
19:22 of 3rd period - Shot Blocked by Trevor Daley.
19:29 of 3rd period - Shot by Olli Maatta.
19:29 of 3rd period - Shot Blocked by Trevor Daley.
19:31 of 3rd period - Shot by Olli Maatta.
19:31 of 3rd period - Stopped by Antti Niemi with a rebound.
Goals for this period are 2 for Maple Leafs vs 2 for Bruins.
Shots for this period are 11 for Maple Leafs vs 9 for Bruins.


Output by the SimonT Hockey Simulator (STHS) for Mathias Vaigur -- Original Page W3C XHTML 1.0 Valid
Hockey Simulator - Hockey Simulation - Hockey Manager